 Dungeon Crawl Stone Soup version 0.20.0-9-g8272e65 (webtiles) character file.

22964 Raukatau the Markscentaur (level 12, 0/108 HPs)
             Began as a Centaur Hunter on June 3, 2017.
             Was a High Priest of Okawaru.
             Killed by divine providence
             ... invoked by a meliai
              (8 damage)
             ... on level 12 of the Dungeon.
             The game lasted 02:52:48 (20585 turns).

Raukatau the Markscentaur (Centaur Hunter)         Turns: 20585, Time: 02:52:50

Health: 0/108      AC: 11    Str: 16    XL:     12   Next: 67%
Magic:  0/12       EV: 13    Int: 10    God:    Okawaru [*****.]
Gold:   1183       SH:  0    Dex: 14    Spells: 11/11 levels left

rFire    . . .     SeeInvis .   a - +2 shortbow (velocity)
rCold    . . .     Gourm    .   (shield currently unavailable)
rNeg     . . .     Faith    .   q - +0 steam dragon scales
rPois    .         Spirit   +   E - +1 helmet
rElec    .         Reflect  .   t - +0 cloak
rCorr    .         Harm     .   D - +0 pair of gloves
MR       .....                  (no barding)
Stlth    +.........             H - amulet of guardian spirit
Regen    0.3/turn               (no ring)
MPRegen  0.2/turn               (no ring)

@: very quick
A: hooves 3, deformed body, speed 2, tough skin 3
a: Heroism, Finesse, Renounce Religion


You were on level 12 of the Dungeon.
You worshipped Okawaru.
Okawaru was extremely pleased with you.
You were not hungry.

You visited 3 branches of the dungeon, and saw 15 of its levels.
You also visited: Ossuary.

You collected 1183 gold pieces.

Inventory:

Hand Weapons
 a - a +2 shortbow of velocity (weapon)
 b - the +11 spear of Megalomania {holy, rC+ Stlth+}
   (You found it on level 10 of the Dungeon)

   It has been blessed by the Shining One to cause great damage to the undead
   and demons.
   It protects you from cold.
   It makes you more stealthy.
 I - a +0 longbow of venom
 O - a +6 glaive of flaming
 T - a +0 blowgun
 W - a +0 shortbow of freezing
Missiles
 d - 173 arrows (quivered)
 Y - 10 curare-tipped needles
Armour
 q - +0 steam dragon scales (worn)
 t - a +0 cloak (worn)
 D - a +0 pair of gloves (worn)
 E - a +1 helmet (worn)
Jewellery
 c - a cursed ring of teleportation {unknown}
 k - an uncursed amulet of regeneration {unknown}
 l - an uncursed ring of protection from fire {unknown}
 z - an uncursed ring of protection from magic {unknown}
 H - an amulet of guardian spirit (around neck)
 N - an uncursed ring of resist corrosion {unknown}
 V - a +3 ring of slaying {unknown}
Wands
 n - a wand of flame (19/48)
 p - a wand of acid (13/15)
 v - a wand of lightning (7/15)
 C - a wand of confusion (20/48)
 U - a wand of iceblast (7/15)
 Z - a wand of confusion (0/48)
Scrolls
 e - 2 scrolls of blinking
 i - 8 scrolls of teleportation
 u - 3 scrolls of enchant armour
 w - a scroll of fear
 y - 2 scrolls of enchant weapon
 J - a scroll of amnesia
 L - a scroll of brand weapon
 P - a scroll of recharging
 X - a scroll of identify
Potions
 j - 3 potions of ambrosia
 m - 3 potions of lignification {unknown}
 r - 4 potions of flight
 x - 2 potions of might
 A - 2 potions of invisibility {unknown}
 B - 4 potions of brilliance
 F - 2 potions of mutation {unknown}
 G - a potion of cancellation {unknown}
 K - a potion of resistance {unknown}
 M - a potion of haste
 R - a potion of agility {unknown}
 S - 2 potions of degeneration {unknown}
Miscellaneous
 o - a phial of floods
Comestibles
 f - 17 bread rations
 h - 4 royal jellies
 s - 2 meat rations


   Skills:
 + Level 10.9 Fighting
 + Level 19.0 Bows
 - Level 5.0 Armour
 + Level 6.3 Dodging
 - Level 0.4 Stealth


You had 11 spell levels left.
You didn't know any spells.

Dungeon Overview and Level Annotations

Branches:
Dungeon (12/15)            Temple (1/1) D:4            Lair (0/6) D:8
    Orc (2/2) D:9             Elf (0/3) Orc:2

Altars:
Ashenzari
Cheibriados
Dithmenos
Elyvilon
Gozag
Kikubaaqudgha
Makhleb
Nemelex Xobeh
Okawaru
Qazlal
Ru
Sif Muna
Trog
Vehumet
Xom
Yredelemnul
Zin
The Shining One


Innate Abilities, Weirdness & Mutations

You have hooves in place of feet.
Armour fits poorly on your strangely shaped body.
You cover ground very quickly.
You have extremely tough skin. (AC +3)


Message History

You are lethally poisoned!
The meliai poisons you! The meliai hits you but does no damage.
The meliai closely misses you.
Unknown command.
* * * LOW HITPOINT WARNING * * *
You feel sick.
The killer bee buzzes angrily.
The meliai hits you with a hand axe.
* * * LOW HITPOINT WARNING * * *
The meliai stings you but does no damage.
The meliai hits you with a hand axe!
* * * LOW HITPOINT WARNING * * *
The meliai stings you but does no damage.
You feel better.
You feel less invigorated.
The meliai invokes the aid of its god against you.
Something smites you!
* * * LOW HITPOINT WARNING * * *
The meliai calls down the wrath of its god upon you.
Something smites you!
You die...

.....#......#....................
.....#......#..............######
.....#...............###...#
.....#.........#####.#.....#
.....#...........###'##....######
.................#.........##..(#
.................#..y.......#[#[#
#####..........###........#†#'''#
#....).†....@y(...(.(..((....
####....###..#.#########'''#.#.#
#.#..........#... #$#[#..yy
#.#............... # .)#...y
##.................# #######.
#.#.......#......... #.
#.#.....####.#.#......# #.
####....' ..#.#......## #. #....#
.>..........# ..


You could see a meliai and a killer bee.

Vanquished Creatures
  A two-headed ogre (D:8)
  Sonja (D:10)
  3 skeletal warriors (D:12)
  An orc knight (D:9)
  An orc sorcerer (Orc:1)
  A manticore (D:12)
  A deep elf mage (D:12)
  2 centaur zombies
  An elephant (D:7)
  A gargoyle (D:11)
  2 meliai (D:12)
  A troll (Orc:1)
  Prince Ribbit (D:8)
  3 polar bears (D:9)
  10 slime creatures
  5 hippogriffs
  A vampire (D:10)
  A spriggan (D:8)
  27 yaks
  2 basilisks (D:8)
  A steam dragon (D:9)
  5 hungry ghosts
  A warg (D:9)
  An acid dragon (D:12)
  2 water moccasins (D:9)
  Duvessa (D:5)
  8 black bears
  7 orc warriors
  2 sky beasts
  12 ogres
  A phantom (D:4)
  A necrophage (D:5)
  10 centaurs
  2 crocodiles
  5 big kobolds
  3 bullfrogs
  Blork the orc (D:6)
  Dowan (D:5)
  A water moccasin zombie (Ossuary)
  2 scorpions
  8 killer bees
  13 wights
  2 howler monkeys (D:4)
  5 crimson imps
  8 hounds
  2 quasits
  2 jellies (D:7)
  6 orc priests
  14 orc wizards
  Crazy Yiuf (D:2)
  3 bullfrog skeletons
  A centaur skeleton (D:5)
  An iguana (D:7)
  3 worker ants
  3 big kobold zombies (Ossuary)
  A hound zombie (D:11)
  A hound skeleton (D:9)
  2 mummies (Ossuary)
  2 worker ant zombies
  Robin (D:4)
  10 adders
  3 shadow imps
  2 oozes (D:7)
  8 adder zombies (Ossuary)
  6 worms
  2 dart slugs (D:2)
  2 leopard geckos
  69 orcs
  A ball python (D:2)
  7 bats
  6 giant cockroaches
  19 goblins
  17 hobgoblins
  29 jackals
  25 kobolds
  9 quokkas
  3 frilled lizards
  3 gnoll zombies (Ossuary)
  6 hobgoblin zombies (Ossuary)
  A jackal skeleton (D:5)
  3 kobold zombies (Ossuary)
  A leopard gecko skeleton (D:5)
  A leopard gecko zombie (D:8)
  3 orc zombies (Ossuary)
  11 rats
  A bush (D:5)
  A fungus (D:2)
461 creatures vanquished.

Notes
Turn   | Place    | Note
-------+----------+-------------------------------------------
     0 | D:1      | Raukatau the Centaur Hunter began the quest for the Orb.
     0 | D:1      | Reached XP level 1. HP: 17/17 MP: 1/1
   220 | D:1      | Reached XP level 2. HP: 24/24 MP: 2/2
   263 | D:1      | Reached skill level 6 in Bows
   634 | D:1      | Reached XP level 3. HP: 19/29 MP: 3/3
  1252 | D:2      | Reached skill level 7 in Bows
  1485 | D:2      | Found a runed door.
  1490 | D:2      | Noticed Crazy Yiuf
  1556 | D:2      | Killed Crazy Yiuf
  1556 | D:2      | Reached XP level 4. HP: 36/36 MP: 4/4
  1885 | D:2      | Reached skill level 8 in Bows
  2511 | D:3      | Reached XP level 5. HP: 41/41 MP: 5/5
  2985 | D:3      | Found a shadowy altar of Dithmenos.
  3278 | D:4      | Noticed a phantom
  3291 | D:4      | Killed a phantom
  3291 | D:4      | Reached skill level 9 in Bows
  3335 | D:4      | Reached XP level 6. HP: 48/48 MP: 6/6
  3604 | D:4      | Noticed Robin
  3684 | D:4      | Killed Robin
  3684 | D:4      | Reached skill level 10 in Bows
  3930 | D:4      | Found a staircase to the Ecumenical Temple.
  3939 | Temple   | Entered the Ecumenical Temple
  3947 | Temple   | Became a worshipper of Warmaster Okawaru
  4250 | D:4      | You fall through a shaft for 3 floors!
  4297 | D:7      | Found a deep blue altar of Sif Muna.
  4298 | D:7      | Found a sparkling altar of Nemelex Xobeh.
  4298 | D:7      | Found a burning altar of Makhleb.
  4329 | D:7      | Noticed a hungry ghost
  4415 | D:7      | Killed a hungry ghost
  4415 | D:7      | Reached skill level 11 in Bows
  4415 | D:7      | Reached XP level 7. HP: 55/55 MP: 7/7
  4487 | D:7      | Found a deep blue altar of Sif Muna.
  4501 | D:7      | Reached * piety under Okawaru
  4514 | D:7      | Found a sand-covered staircase.
  4520 | Ossuary  | Entered an ossuary
  5372 | Ossuary  | Reached skill level 12 in Bows
  5713 | D:6      | Reached XP level 8. HP: 61/61 MP: 8/8
  5774 | D:6      | Reached ** piety under Okawaru
  5774 | D:6      | Reached skill level 13 in Bows
  5976 | D:6      | Got a slimy ring mail
  6027 | D:6      | Identified the +2 ring mail of the Good {rF- Str+8} (You found it on level 6 of the Dungeon)
  6147 | D:5      | Entered Level 5 of the Dungeon
  6847 | D:5      | Reached skill level 14 in Bows
  6986 | D:5      | Noticed Dowan
  6996 | D:5      | Noticed Duvessa
  7008 | D:5      | Killed Duvessa
  7014 | D:5      | Killed Dowan
  7836 | D:6      | Noticed Blork the orc
  7858 | D:6      | Killed Blork the orc
  7858 | D:6      | Reached skill level 15 in Bows
  8351 | D:6      | Reached XP level 9. HP: 67/67 MP: 9/9
  8467 | D:6      | Reached skill level 1 in Armour
  8553 | D:7      | Reached *** piety under Okawaru
  8652 | D:7      | Found a glowing golden altar of the Shining One.
  9598 | D:8      | Noticed an elephant
  9688 | D:7      | Killed an elephant
  9688 | D:7      | Reached skill level 5 in Fighting
  9872 | D:8      | Reached **** piety under Okawaru
  9879 | D:8      | Reached skill level 16 in Bows
  9879 | D:8      | Reached XP level 10. HP: 52/81 MP: 5/10
 10014 | D:8      | Found a staircase to the Lair.
 10045 | D:8      | Noticed a two-headed ogre
 10090 | D:8      | Killed a two-headed ogre
 10258 | D:8      | Reached ***** piety under Okawaru
 10750 | D:8      | Noticed Prince Ribbit
 10758 | D:8      | Killed Prince Ribbit
 11108 | D:9      | Received a gift from Okawaru
 11467 | D:9      | Identified the Tome of Air and Ice
 11686 | D:8      | Reached skill level 5 in Armour
 12421 | D:9      | Received a gift from Okawaru
 12511 | D:9      | Found a staircase to the Orcish Mines.
 12592 | D:9      | Reached skill level 17 in Bows
 12601 | D:9      | Reached XP level 11. HP: 67/93 MP: 7/11
 12929 | D:9      | Found a huge runed gate.
 12929 | D:9      | Found a huge runed gate.
 12929 | D:9      | Found a huge runed gate.
 12929 | D:9      | Found a huge runed gate.
 13530 | D:9      | Received a gift from Okawaru
 14594 | Orc:1    | Entered Level 1 of the Orcish Mines
 14823 | Orc:1    | Noticed an orc sorcerer
 14903 | Orc:1    | Noticed an orc knight
 14976 | D:9      | Killed an orc knight
 15286 | Orc:1    | Killed an orc sorcerer
 15286 | Orc:1    | Received a gift from Okawaru
 15563 | Orc:2    | Entered Level 2 of the Orcish Mines
 15619 | Orc:2    | Found a staircase to the Elven Halls.
 15619 | Orc:2    | Noticed an orc sorcerer
 15748 | D:10     | Entered Level 10 of the Dungeon
 15781 | D:10     | Got a dazzling spear
 15782 | D:10     | Identified the +11 spear of Megalomania {holy, rC+ Stlth+} (You found it on level 10 of the Dungeon)
 15817 | D:10     | Reached skill level 18 in Bows
 16042 | D:10     | Noticed Sonja
 16065 | D:10     | Killed Sonja
 16065 | D:10     | Received a gift from Okawaru
 16815 | D:10     | Received a gift from Okawaru
 16820 | D:10     | Reached XP level 12. HP: 78/106 MP: 10/12
 16830 | D:10     | Got an ancient great sword {god gift}
 17332 | D:11     | Reached skill level 5 in Dodging
 17536 | D:11     | Reached skill level 10 in Fighting
 18816 | D:12     | Found a shattered altar of Ashenzari.
 19285 | D:12     | Received a gift from Okawaru
 20520 | D:12     | Reached skill level 19 in Bows
 20582 | D:12     | HP: 5/108 [meliai/divine providence (14)]
 20584 | D:12     | HP: 1/108 [meliai/hand axe (6)]
 20585 | D:12     | Killed from afar by a meliai

Skill      XL: |  1  2  3  4  5  6  7  8  9 10 11 12 |
---------------+-------------------------------------+-----
Bows           | 6 7 8 9 11 12 15 16 17 18 19 | 19.0
Armour         | 3 5 |  5.0
Fighting       | 5 7 9 10 | 10.9
Dodging        | 2 4 6 |  6.3
Stealth        | |  0.4

Action                   |  1- 3 |  4- 6 |  7- 9 | 10-12 || total
-------------------------+-------+-------+-------+-------++-------
Melee: Short sword       |    78 |    41 |   291 |    16 ||   426
       Kick              |    19 |     8 |   105 |    17 ||   149
       Spear             |       |       |       |    56 ||    56
 Fire: Shortbow          |    76 |   229 |   436 |  1148 ||  1889
Evoke: Wand              |       |       |       |     2 ||     2
  Use: Scroll            |     2 |     1 |     6 |    15 ||    24
       Potion            |       |       |     1 |     7 ||     8
  Eat: Chunk             |     1 |     6 |    10 |    24 ||    41
       Meat ration       |       |       |     1 |       ||     1
       Fruit             |       |       |     1 |       ||     1
       Royal jelly       |       |       |       |     1 ||     1
Armor: Leather armour    |    25 |    28 |    99 |    49 ||   201
       Steam dragon scal |       |       |       |    86 ||    86
Dodge: Dodged            |    17 |    35 |   118 |   171 ||   341
